General information
- name: 2v2 clan viki obs #2
- type: unknown
- host: Viki.HostBot
- saver: n0v4c41n3
map: TwistedMeadows
- players: 12
- length: 19:43
- speed: Fast
- version: 1.26 W3XP
- replay type: Public
» download(187 KB)
Players
team 1 (loser)

»
Romans10.9 (
blue | 88 APM | 1737 actions | 19:43)
3 Archmage
2 Summon Water Elemental
1 Brilliance Aura
2 Mountain King
1 Storm Bolt
1 Bash
» actions
| Assign group hotkey | 84 | |
| Basic commands | 218 | |
| Build / train | 59 | |
| ESC pressed | 5 | |
| Enter build submenu | 25 | |
| Enter hero's abilities submenu | 5 | |
| Right click | 651 | |
| Select / deselect | 449 | |
| Select group hotkey | 187 | |
| Use ability | 54 | |
1737 total
» units
| Peasant | 13 | |
| Footman | 5 | |
| Rifleman | 11 | |
| Mortar Team | 11 | |
40 total
» upgrades
| Flare | 1 | |
| Gunpowder | 2 | |
| Armor | 1 | |
| Long Rifles | 1 | |
5 total
» buildings
| Altar of Kings | 1 | |
| Farm | 10 | |
| Barracks | 1 | |
| Scout Tower | 1 | |
| Blacksmith | 1 | |
| Arcane Tower | 1 | |
| Keep | 1 | |
| Lumber Mill | 1 | |
| Arcane Sanctum | 1 | |
| Workshop | 2 | |
| Arcane Vault | 2 | |
| Town Hall | 1 | |
| Castle | 1 | |
24 total
» build order
00:20 Altar of Kings
00:35 Farm
00:50 Barracks
01:05 Farm
01:53 Scout Tower
02:02 Blacksmith
02:11 Farm
02:29 Arcane Tower
03:21 Farm
04:07 Keep
05:29 Farm
05:32 Farm
05:38 Lumber Mill
06:36 Arcane Sanctum
06:44 Workshop
06:54 Workshop
07:09 Arcane Vault
09:02 Farm
11:45 Farm
12:06 Farm
12:35 Town Hall
13:36 Arcane Vault
14:54 Farm
17:26 Castle
» items
| Scroll of Regeneration | 3 | |
| Scroll of Town Portal | 1 | |
4 total
n0v4c41n3 (
teal | 126 APM | 2489 actions | 19:43)
4 Death Knight
2 Death Coil
2 Unholy Aura
3 Lich
2 Frost Nova
1 Frost Armor
2 Crypt Lord
1 Impale
1 Spiked Carapace
» actions
| Assign group hotkey | 72 | |
| Basic commands | 18 | |
| Build / train | 55 | |
| ESC pressed | 1 | |
| Enter build submenu | 14 | |
| Enter hero's abilities submenu | 9 | |
| Give item / drop item | 4 | |
| Right click | 767 | |
| Select / deselect | 632 | |
| Select group hotkey | 807 | |
| Use ability | 110 | |
2489 total
» units
| Acolyte | 4 | |
| Ghoul | 3 | |
| Crypt Fiend | 11 | |
| Obsidian Statue | 5 | |
23 total
» upgrades
| Creature Attack | 2 | |
| Burrow | 1 | |
| Destroyer Form | 1 | |
| Web | 1 | |
5 total
» buildings
| Crypt | 1 | |
| Graveyard | 1 | |
| Altar of Darkness | 1 | |
| Ziggurat | 6 | |
| Tomb of Relics | 1 | |
| Halls of the Dead | 1 | |
| Black Citadel | 1 | |
| Slaughterhouse | 1 | |
13 total
» build order
00:06 Crypt
00:12 Graveyard
00:17 Altar of Darkness
00:36 Ziggurat
01:00 Tomb of Relics
01:42 Ziggurat
03:43 Halls of the Dead
04:11 Ziggurat
06:06 Black Citadel
06:08 Slaughterhouse
07:03 Ziggurat
09:39 Ziggurat
16:29 Ziggurat
» items
| Rod of Necromancy | 5 | |
| Dust of Appearance | 1 | |
| Orb of Corruption | 1 | |
| Scroll of Town Portal | 5 | |
| Potion of Lesser Invulnerability | 1 | |
13 total
team 2 (winner)
RuuK-LoVe (
yellow | 112 APM | 2203 actions | 19:43)
3 Demon Hunter
2 Mana Burn
1 Evasion
3 Naga Sea Witch
1 Frost Arrows
2 Forked Lightning
» actions
| Assign group hotkey | 58 | |
| Build / train | 76 | |
| Enter build submenu | 16 | |
| Enter hero's abilities submenu | 6 | |
| Give item / drop item | 2 | |
| Remove unit from queue | 18 | |
| Right click | 1303 | |
| Select / deselect | 315 | |
| Select group hotkey | 334 | |
| Use ability | 75 | |
2203 total
» units
| Wisp | 17 | |
| Huntress | 3 | |
| Dryad | 6 | |
| Goblin Shredder | 1 | |
| Druid of the Claw | 2 | |
29 total
» upgrades
| Ultravision | 1 | |
| Nature's Blessing | 1 | |
| Abolish Magic | 1 | |
| Druid of the Claw Training | 2 | |
5 total
» buildings
| Altar of Elders | 1 | |
| Moon Well | 5 | |
| Hunter's Hall | 1 | |
| Ancient of War | 1 | |
| Tree of Ages | 1 | |
| Tree of Life | 2 | |
| Ancient of Wonders | 1 | |
| Ancient of Lore | 4 | |
| Tree of Eternity | 1 | |
17 total
» build order
00:08 Altar of Elders
00:18 Moon Well
02:13 Hunter's Hall
02:15 Ancient of War
02:18 Moon Well
03:08 Tree of Ages
03:11 Moon Well
03:58 Tree of Life
04:09 Ancient of Wonders
08:02 Ancient of Lore
08:06 Ancient of Lore
11:40 Tree of Eternity
13:39 Tree of Life
14:15 Moon Well
15:50 Ancient of Lore
16:14 Ancient of Lore
17:43 Moon Well
» items
| Scroll of Town Portal | 4 | |
| Potion of Healing | 1 | |
| Staff of Preservation | 1 | |
| Scroll of Healing | 5 | |
| Potion of Lesser Invulnerability | 2 | |
| Dust of Appearance | 1 | |
14 total
DkS. (
red | 199 APM | 3922 actions | 19:43)
5 Death Knight
3 Death Coil
2 Unholy Aura
4 Lich
2 Frost Nova
2 Dark Ritual
2 Crypt Lord
1 Impale
1 Spiked Carapace
» actions
| Assign group hotkey | 80 | |
| Basic commands | 98 | |
| Build / train | 66 | |
| Enter build submenu | 17 | |
| Enter hero's abilities submenu | 11 | |
| Give item / drop item | 6 | |
| Right click | 1774 | |
| Select / deselect | 508 | |
| Select group hotkey | 1220 | |
| Use ability | 141 | |
3922 total
» units
| Acolyte | 3 | |
| Ghoul | 5 | |
| Crypt Fiend | 9 | |
| Obsidian Statue | 5 | |
| Frost Wyrm | 1 | |
23 total
» upgrades
» buildings
| Graveyard | 1 | |
| Crypt | 1 | |
| Altar of Darkness | 2 | |
| Ziggurat | 7 | |
| Tomb of Relics | 1 | |
| Halls of the Dead | 2 | |
| Nerubian Tower | 1 | |
| Slaughterhouse | 2 | |
| Black Citadel | 1 | |
| Sacrificial Pit | 1 | |
| Boneyard | 1 | |
20 total
» build order
00:07 Graveyard
00:09 Crypt
00:23 Altar of Darkness
00:25 Altar of Darkness
00:39 Ziggurat
01:02 Tomb of Relics
01:50 Ziggurat
03:39 Halls of the Dead
03:39 Halls of the Dead
04:09 Ziggurat
05:30 Nerubian Tower
06:44 Slaughterhouse
06:46 Slaughterhouse
08:26 Black Citadel
08:58 Ziggurat
09:50 Ziggurat
11:40 Sacrificial Pit
13:25 Boneyard
13:37 Ziggurat
14:53 Ziggurat
» items
| Rod of Necromancy | 4 | |
| Dust of Appearance | 1 | |
| Potion of Mana | 2 | |
| Potion of Healing | 2 | |
| Lesser Clarity Potion | 2 | |
| Staff of Preservation | 1 | |
| Orb of Corruption | 1 | |
| Scroll of Town Portal | 7 | |
| Scroll of Healing | 1 | |
21 total
observersSeriously,
RANDOM_FT,
Entharon,
deCks,
Fighter[ON]Fire,
Dreamer,
Bokonon,
djole1501 Chat log
(00:00 / All) RANDOM_FT: Bad Manners or Map Hack = Ban
(00:16 / Allies) Romans10.9: foots caster knights?
(00:21 / Allies) n0v4c41n3: k
(00:25 / Allies) Romans10.9: or should i get morts?
(00:42 / Allies) n0v4c41n3: do rifle mortar mb?
(00:53 / Allies) Romans10.9: mb?
(00:57 / Allies) n0v4c41n3: maybe
(01:08 / Allies) Romans10.9: i can
(01:16 / Allies) n0v4c41n3: first some foots
(01:19 / Allies) Romans10.9: yup
(01:27 / Allies) Romans10.9: should i pally then?
(01:31 / Allies) n0v4c41n3: nah
(01:37 / Allies) Romans10.9: kk
(01:38 / Allies) Romans10.9: am
(01:43 / Allies) Romans10.9: elf
(01:45 / Allies) Romans10.9: scouting me
(02:18 / Allies) n0v4c41n3: they probably mass t1
(02:22 / Allies) Romans10.9: lol
(02:24 / Allies) Romans10.9: hope not
(02:25 / Allies) Romans10.9: lol
(03:46 / Allies) Romans10.9: i dont think elf is very good
(03:53 / Allies) n0v4c41n3: he got good stats
(05:13 / Allies) Romans10.9: 10 health
(06:02 / Allies) n0v4c41n3: exe
(07:03 / Allies) Romans10.9: kk
(07:54 / Allies) n0v4c41n3: b
(07:54 / Allies) n0v4c41n3: b
(08:18 / Allies) n0v4c41n3: tp
(08:22 / Allies) n0v4c41n3: tt
(08:27 / Allies) Romans10.9: my bad
(10:15 / Allies) n0v4c41n3: b
(10:15 / Allies) n0v4c41n3: b
(10:16 / Allies) n0v4c41n3: b
(10:31 / Allies) n0v4c41n3: sec i tp in
(10:42 / Allies) n0v4c41n3: go
(12:11 / Allies) n0v4c41n3: u
(12:17 / Allies) Romans10.9: kk
(12:50 / Allies) Romans10.9: kk
(12:52 / Allies) Romans10.9: tp?
(12:55 / Allies) n0v4c41n3: main
(12:55 / Allies) Romans10.9: kk
(13:11 / Allies) n0v4c41n3: b
(13:23 / Allies) n0v4c41n3: gj
(13:26 / Allies) n0v4c41n3: exe down
(14:01 / Allies) n0v4c41n3: buy tp
(14:15 / Allies) Romans10.9: store got killed
(14:26 / Allies) n0v4c41n3: peasant
(14:32 / Allies) Romans10.9: yup
(14:34 / Allies) Romans10.9: just got done
(14:34 / Allies) n0v4c41n3: meet n go?
(14:35 / Allies) n0v4c41n3: kk
(14:37 / Allies) Romans10.9: ya
(15:01 / Allies) Romans10.9: tp?
(15:19 / Allies) Romans10.9: kk
(15:24 / Allies) n0v4c41n3: 100g for tp?
(15:40 / Allies) Romans10.9: that sucks for him
(15:41 / Allies) Romans10.9: lol
(17:08 / Allies) n0v4c41n3: b
(17:13 / Allies) n0v4c41n3: tp
(17:29 / Allies) Romans10.9: dang
(17:36 / Allies) Romans10.9: morts die so easy
(18:07 / Allies) Romans10.9: ahhh
(18:08 / Allies) Romans10.9: lol
(18:15 / Allies) Romans10.9: shoot
(19:42 / All) n0v4c41n3: gg